 Dungeon Sprint DCSS version 0.20.1-1-g8b1a95d (console) character file.

566 hilaritas the Carver (level 7, -3/66 HPs)
             Began as a Barachi Fighter on Mar 6, 2018.
             Was a Believer of the Shining One.
             Slain by a manticore (6 damage)
             ... in the Dungeon (Sprint IX: "|||||||||||||||||||||||||||||").
             The game lasted 00:03:24 (474 turns).

hilaritas the Carver (Barachi Fighter)               Turns: 474, Time: 00:03:24

Health: -3/66      AC: 11    Str: 19    XL:     7   Next: 32%
Magic:  10/10      EV:  8    Int:  8    God:    the Shining One [**....]
Gold:   0          SH: 11    Dex: 15    Spells: 6/6 levels left

rFire    . . .     SeeInvis .   p - +2 scimitar (flame)
rCold    . . .     Gourm    .   c - +0 shield
rNeg     + . .     Faith    .   b - +0 scale mail
rPois    .         Spirit   .   (no helmet)
rElec    .         Reflect  .   m - +0 cloak
rCorr    .         Harm     .   q - +0 pair of gloves
MR       .....     NoTele   +   (no boots)
Stlth    ..........             (no amulet)
Regen    0.3/turn               r - +3 ring of dexterity
MPRegen  0.2/turn               s - +2 ring of protection

@: glowing, slow
A: +LOS, swims, slowness 1, strong legs 1
a: Hop, Divine Shield, Renounce Religion


You were in the Dungeon.
You worshipped the Shining One.
The Shining One was pleased with you.
You were not hungry.

You visited 1 branch

Inventory:

Hand Weapons
 a - a +0 long sword
 p - a +2 scimitar of flaming (weapon)
Armour
 b - a +0 scale mail (worn)
 c - a +0 shield (worn)
 m - a +0 cloak (worn)
 q - a +0 pair of gloves (worn)
Jewellery
 r - a +3 ring of dexterity (left hand)
 s - a +2 ring of protection (right hand)
Wands
 o - a wand of iceblast (7/15)
Scrolls
 k - 2 scrolls of blinking
 l - 3 scrolls of remove curse
 n - 2 scrolls of amnesia
Potions
 d - a potion of might
 e - 4 potions of curing
 g - 2 potions of heal wounds
 h - a potion of haste
 i - 4 potions of magic
 j - a potion of berserk rage
Comestibles
 f - a bread ration
 t - 4 chunks of flesh


   Skills:
 - Level 10.3 Fighting
 - Level 10.8 Long Blades
 + Level 3.6 Armour
 + Level 8.8 Shields
 * Level 5.1 Invocations


You had 6 spell levels left.
You didn't know any spells.

Dungeon Overview and Level Annotations

Branches:
Dungeon (1/1)

Altars:
Cheibriados
Dithmenos
Elyvilon
Fedhas
Gozag
Hepliaklqana
Kikubaaqudgha
Makhleb
Nemelex Xobeh
Okawaru
Qazlal
Ru
Sif Muna
Trog
Uskayaw
Vehumet
Xom
Yredelemnul
Zin
The Shining One
Beogh
Jiyva
Lugonu


Innate Abilities, Weirdness & Mutations

Shadows flee at your approach. (+LOS)
You can swim through water.
You cover ground slowly.
You can hop short distances.


Message History

You block the manticore's attack.
The manticore claws you but does no damage.
The manticore claws you.
You hit the manticore. You burn the manticore.
The manticore is moderately wounded.
The manticore bites you but does no damage.
You block the manticore's attack.
The manticore claws you but does no damage.
You slash the manticore! You burn the manticore.
The manticore is severely wounded.
The manticore bites you! The manticore barely misses you.
The manticore claws you!
* * * LOW HITPOINT WARNING * * *
Unknown command.
You hit the manticore. You burn the manticore.
The manticore is severely wounded.
The manticore bites you!
* * * LOW HITPOINT WARNING * * *
You block the manticore's attack. The manticore claws you.
You die... ▓▓▓▓▓▓▓▓▓▓▓▓▓▓▓▓▓▓▓▓▓▓▓▓▓ +....yaH@.....)..[..)|.!' ▓▓▓▓▓▓▓▓▓▓▓▓▓▓▓▓▓▓▓▓▓▓▓▓▓

You could see a manticore, a vampire mosquito and a worker ant.

Vanquished Creatures
  A hornet (D)
  2 sky beasts (D)
  A bullfrog (D)
  A hound (D)
  An orc wizard (D)
  A worker ant (D)
  3 adders (D)
  A dart slug (D)
  2 orcs (D)
  A bat zombie (D)
  A goblin (D)
  A jackal (D)
  2 kobolds (D)
  A rat (D)
19 creatures vanquished.

Notes
Turn   | Place    | Note
-------+----------+-------------------------------------------
     0 | D        | hilaritas the Barachi Fighter began the quest for the Orb.
     0 | D        | Reached XP level 1. HP: 18/18 MP: 1/1
    13 | D        | Reached XP level 2. HP: 25/26 MP: 2/2
    29 | D        | Reached skill level 5 in Fighting
    29 | D        | Reached skill level 5 in Shields
    29 | D        | Reached XP level 3. HP: 29/34 MP: 3/3
    35 | D        | Reached skill level 5 in Long Blades
    50 | D        | Reached XP level 4. HP: 23/40 MP: 4/4
   259 | D        | Found a roughly hewn altar of Beogh.
   259 | D        | Found a snail-covered altar of Cheibriados.
   259 | D        | Found a shadowy altar of Dithmenos.
   259 | D        | Found a white marble altar of Elyvilon.
   259 | D        | Found a blossoming altar of Fedhas.
   259 | D        | Found an opulent altar of Gozag.
   259 | D        | Found a hazy altar of Hepliaklqana.
   260 | D        | Found a viscous altar of Jiyva.
   261 | D        | Found an ancient bone altar of Kikubaaqudgha.
   262 | D        | Found a corrupted altar of Lugonu.
   263 | D        | Found a burning altar of Makhleb.
   264 | D        | Found a sparkling altar of Nemelex Xobeh.
   265 | D        | Found an iron altar of Okawaru.
   266 | D        | Found a stormy altar of Qazlal.
   267 | D        | Found a sacrificial altar of Ru.
   268 | D        | Found a deep blue altar of Sif Muna.
   269 | D        | Found a bloodstained altar of Trog.
   270 | D        | Found a hide-covered altar of Uskayaw.
   271 | D        | Found a radiant altar of Vehumet.
   273 | D        | Found a shimmering altar of Xom.
   274 | D        | Found a basalt altar of Yredelemnul.
   275 | D        | Found a glowing silver altar of Zin.
   276 | D        | Found a glowing golden altar of the Shining One.
   336 | D        | Became a worshipper of the Shining One
   369 | D        | Noticed a bullfrog
   369 | D        | Noticed a sky beast
   369 | D        | Reached * piety under the Shining One
   375 | D        | Reached skill level 1 in Invocations
   383 | D        | Killed a sky beast
   383 | D        | Reached XP level 5. HP: 40/49 MP: 4/7
   387 | D        | Reached XP level 6. HP: 45/56 MP: 5/8
   453 | D        | Noticed a vampire mosquito
   453 | D        | Noticed a manticore
   453 | D        | Noticed a hornet
   453 | D        | Reached ** piety under the Shining One
   453 | D        | Noticed a sky beast
   457 | D        | Killed a sky beast
   457 | D        | Reached skill level 10 in Long Blades
   460 | D        | Paralysed by a hornet for 1 turns
   465 | D        | Killed a hornet
   465 | D        | Reached skill level 10 in Fighting
   465 | D        | Reached skill level 5 in Invocations
   465 | D        | Reached XP level 7. HP: 35/66 MP: 8/10
   466 | D        | HP: 2/66 [manticore (5)]
   474 | D        | HP: 3/66 [manticore (10)]
   474 | D        | Slain by a manticore

Skill      XL: |  1  2  3  4  5  6 |
---------------+-------------------+-----
Fighting       | 4 5 6 7 8 10 | 10.3
Shields        | 4 5 7 8 |  8.8
Long Blades    | 3 4 5 8 9 10 | 10.8
Invocations    | 2 3 5 |  5.1
Armour         | |  3.6

Action                   |  1- 3 |  4- 6 |  7- 9 || total
-------------------------+-------+-------+-------++-------
Melee: Long sword        |    35 |       |       ||    35
       Scimitar          |       |    30 |     7 ||    37
  Use: Potion            |       |       |     2 ||     2
Armor: Scale mail        |    14 |     5 |     4 ||    23
Dodge: Dodged            |     9 |     5 |     4 ||    18
Block: Shield            |    19 |    14 |    10 ||    43
       Rpst.: Long sword |     5 |       |       ||     5
       Scimitar          |       |     2 |       ||     2
